AoeStats
← Predatory Shadow

African Clearing

510690203Analyzed
3v3 RM · 22h ago on Oct 2, 2026· 29m 14s· 6 players
Game mode
Random Map
Map size
Normal (6 player)
Population
200
Speed
Normal
Resources
Standard
Victory
Conquest
Starting age
Dark Age
Ending age
Imperial Age
RankedLock teamsTeams togetherTeam positionsShared explorationLock speedFull tech treeHidden civsTurbo modeCheats
Victory
Defeat
🇦🇷 Huns · Argentina
1096
+16
🇨🇴 Mongols · Colombia
1053
+17
🇦🇷 Dravidians · Argentina
1008
+20
🇨🇴 Koreans · Colombia
1101
-18
🇨🇴 Muisca · Colombia
1093
-18
🇨🇴 Varangians · Colombia
1061
-17
GUASON_
5:09 Loom
14:09 Feudal Age
14:28 Man-at-Arms
20:50 Fletching
27:04 Castle Age
24:54 Double-Bit Axe
27:01 Gold Mining
28:12 Bow Saw
Predatory Shadow
3:51 Loom
22:03 Feudal Age
22:31 Man-at-Arms
22:58 Arson
23:26 Double-Bit Axe
23:42 Town Watch
25:23 Fletching
25:33 Padded Archer Armor
25:50 Horse Collar
27:27 Wheelbarrow
lORD_IM
13:46 Feudal Age
13:07 Loom
17:35 Castle Age
15:46 Double-Bit Axe
15:57 Gold Mining
23:00 Fletching
25:14 Bodkin Arrow
27:53 Wheelbarrow
28:14 Scale Barding Armor
28:46 Padded Archer Armor
28:59 Town Watch
Jarothi
6:00 Loom
12:46 Feudal Age
21:45 Castle Age
RTMatutino
4:00 Loom
21:24 Feudal Age
27:23 Castle Age
25:45 Scale Mail Armor
Slayer
6:38 Loom
14:27 Feudal Age
19:52 Fletching
27:30 Castle Age
25:52 Double-Bit Axe
27:24 Gold Mining
Connection lost

Rejoining the realm…

Still unreachable

The connection could not be restored.

Session expired

The server has moved on; the page needs a fresh start.